 Dungeon Crawl Stone Soup version 0.25.0-11-g1f837a76a1 (console) character file.

Game seed: 13845911226124353876

1297 bli the Skirmisher (level 8, 0/64 HPs)
             Began as a Merfolk Transmuter on June 27, 2020.
             Was a Believer of Wu Jian.
             Killed by divine providence
             ... invoked by an orc priest
              (12 damage)
             ... on level 6 of the Dungeon.
             The game lasted 00:24:00 (5916 turns).

bli the Skirmisher (Merfolk Transmuter)             Turns: 5916, Time: 00:24:01

Health: 0/64       AC:  7    Str:  6    XL:     8   Next: 56%
Magic:  10/13      EV: 15    Int: 16    God:    Wu Jian [**....]
Gold:   359        SH:  0    Dex: 20    Spells: 11/14 levels left

rFire    . . .     SeeInvis +   b - +2 short sword (flame)
rCold    + . .     Gourm    .   (no shield)
rNeg     + . .     Faith    .   v - +1 leather armour {rPois}
rPois    +         Spirit   .   z - +0 helmet
rElec    .         Reflect  .   E - +0 cloak
rCorr    .         Harm     .   (no gloves)
MR       .....                  p - +0 pair of boots
Stlth    ++........             (no amulet)
HPRegen  0.20/turn              w - ring of protection from cold
MPRegen  0.13/turn              K - ring "Uxoleul" {rN+ Str-4 Int+4 Dex+3 SInv}

@: no status effects
A: change form in water, swift swim, stealthy swim
a: Wall Jump, Renounce Religion


You were on level 6 of the Dungeon.
You worshipped Wu Jian.
Wu Jian was pleased with you.
You were not hungry.

You visited 2 branches of the dungeon, and saw 7 of its levels.

You collected 359 gold pieces.

Inventory:

Hand Weapons
 b - a +2 short sword of flaming (weapon)
 c - a +3 dagger
 u - a +0 rapier
 J - a +2 dagger of draining
 L - a +4 shortbow of flaming
Missiles
 a - 28 arrows
 j - 8 silver boomerangs
 B - 45 poisoned darts (quivered)
Armour
 i - a +0 leather armour
 n - a +0 robe
 p - a +0 pair of boots (worn)
 v - a +1 leather armour of poison resistance (worn)
 z - a +0 helmet (worn)
 E - a +0 cloak (worn)
 H - a +0 kite shield
Jewellery
 t - a cursed ring of protection from fire
 w - a ring of protection from cold (left hand)
 K - the ring "Uxoleul" (right hand) {rN+ Str-4 Int+4 Dex+3 SInv}
   (You found it on level 6 of the Dungeon)

   [ring of see invisible]

   It affects your strength (-4).
   It affects your intelligence (+4).
   It affects your dexterity (+3).
   It protects you from negative energy.
   It lets you see invisible.
Scrolls
 h - 5 scrolls of teleportation {unknown}
 k - 2 scrolls of remove curse {unknown}
 l - 4 scrolls of identify {unknown}
 o - a scroll of fog {unknown}
 r - a scroll of blinking {unknown}
 y - a scroll of enchant weapon {unknown}
 A - a scroll of immolation {unknown}
 F - a scroll of amnesia {unknown}
Potions
 e - 2 potions of flight {unknown}
 f - a potion of lignification {unknown}
 g - 3 potions of ambrosia {unknown}
 m - 3 potions of might {unknown}
 q - a potion of heal wounds {unknown}
 s - a potion of curing {unknown}
 x - 2 potions of haste {unknown}
 C - a potion of resistance {unknown}
 D - a potion of invisibility
 G - a potion of magic {unknown}
Comestibles
 d - 7 rations
 I - a chunk of flesh


   Skills:
 * Level 6.0 Fighting
 * Level 2.7 Armour
 + Level 5.4 Dodging
 * Level 5.7 Unarmed Combat
 + Level 3.7 Spellcasting
 + Level 5.0 Transmutations


You had 11 spell levels left.
You knew the following spells:

 Your Spells              Type           Power        Failure   Level  Hunger
a - Beastly Appendage     Tmut           ###...       3%          1    None
b - Sticks to Snakes      Tmut           ###.....     4%          2    ##.....

Your spell library contained the following spells:

 Spells                   Type           Power        Failure   Level  Hunger
 Spider Form              Tmut/Pois      ##........   28%         3    ###....
 Confusing Touch          Hex            #.......     61%         3    ###....
 Gell's Gravitas          Tloc           #.........   61%         3    ###....
 Ice Form                 Ice/Tmut       ##......     67%         4    ####...
 Petrify                  Tmut/Erth      ##......     67%         4    ####...
 Blade Hands              Tmut           ###.......   67%         5    ######.
 Yara's Violent Unravell  Hex/Tmut       ##........   95%         5    ######.
 Metabolic Englaciation   Hex/Ice        #.........   100%        5    ######.


Dungeon Overview and Level Annotations

Branches:
Dungeon (6/15)             Temple (1/1) D:4

Altars:
Ashenzari
Cheibriados
Elyvilon
Gozag
Hepliaklqana
Kikubaaqudgha
Makhleb
Nemelex Xobeh
Okawaru
Qazlal
Sif Muna
Trog
Uskayaw
Wu Jian
Xom
Yredelemnul
Zin
The Shining One

Shops:
D:5 [


Message History

The orc warrior hits you with a +0 war axe!
* * * LOW HITPOINT WARNING * * *
The orc priest calls upon Beogh to heal the orc warrior.
The orc warrior is healed somewhat.
The orc priest begins to cast a cantrip, but forgets the words!
Casting: Sticks to Snakes (safe; 4% risk of failure)
Confirm with . or Enter, or press ? or * to list all spells.
You create 2 snakes!
You now have 28 arrows.
The orc warrior hits you with a +0 war axe.
* * * LOW HITPOINT WARNING * * *
Your water moccasin bites the orc warrior.
Your adder barely misses the orc warrior.
Your water moccasin bites the orc warrior.
Your adder bites the orc warrior but does no damage.
Found 13 gold pieces.
Your water moccasin bites the orc warrior.
Your adder bites the orc warrior.
The orc priest invokes the aid of Beogh against you.
Beogh smites you!
You die...

.#.....## #..##(........## #.#
##..co).##.#............###.###
#..o(.........##รท........#.#.##
#............###..[...#...)..>#
##.......###.###......#.##....#
...5....# #o#.##....####......
...<.....# #........(# ##......
......#..## ##o...##..# #..##...
#SoS####..##..[.#.#.
..####..##.......#....##
........@........##....##
$##......#....#..##..####
...##....#...........####
............#..##........
...........####.........
...........###..###.....
...............####.##..
.................##.#...
.##.#.<.........#...... #
#..................
#........#.........


You could see an orc warrior, an orc priest, an orc, a friendly water moccasin
and a friendly adder.

Vanquished Creatures
  Prince Ribbit (D:5)
  An ogre (D:5)
  A centaur (D:6)
  2 big kobolds (D:4)
  2 bullfrogs
  A howler monkey (D:5)
  A crimson imp (D:6)
  A bullfrog zombie (D:5)
  An orc priest (D:5)
  Crazy Yiuf (D:3)
  An orc wizard (D:5)
  An iguana (D:6)
  7 adders
  3 gnolls
  An ooze (D:2)
  An adder zombie (D:5)
  An adder skeleton (D:5)
  2 worms
  5 dart slugs
  2 leopard geckos
  An orc (D:6)
  4 bats
  2 giant cockroaches
  2 goblins (D:1)
  12 hobgoblins
  14 jackals
  55 kobolds
  A ball python (D:2)
  A ball python skeleton (D:4)
  6 frilled lizards
  7 rats
141 creatures vanquished.

Vanquished Creatures (collateral kills)
  Eustachio (D:4)
  A big kobold (D:4)
  An orc wizard (D:5)
  A gnoll shaman (D:5)
  A gnoll (D:5)
  An adder (D:4)
  2 orcs
  5 kobolds (D:4)
  A rat (D:3)
14 creatures vanquished.

Grand Total: 155 creatures vanquished

Notes
Turn   | Place    | Note
-------+----------+-------------------------------------------
     0 | D:1      | bli the Merfolk Transmuter began the quest for the Orb.
     0 | D:1      | Reached XP level 1. HP: 15/15 MP: 3/3
   104 | D:1      | Reached XP level 2. HP: 14/21 MP: 3/5
   696 | D:1      | Reached XP level 3. HP: 27/27 MP: 6/6
   761 | D:1      | Reached skill level 2 in Fighting
  1145 | D:2      | Learned a level 2 spell: Sticks to Snakes
  1341 | D:2      | Reached XP level 4. HP: 32/33 MP: 5/7
  1917 | D:2      | Found a shimmering blue altar of Sif Muna.
  2013 | D:2      | You fall into a shaft and drop 2 floors!
  2028 | D:4      | Reached XP level 5. HP: 29/39 MP: 5/8
  2182 | D:4      | Noticed Eustachio
  2244 | D:4      | Found a staircase to the Ecumenical Temple.
  2252 | Temple   | Entered the Ecumenical Temple
  2363 | Temple   | Became a worshipper of the Wu Jian Council
  2414 | D:4      | Killed Eustachio
  2414 | D:4      | Reached skill level 3 in Fighting
  2414 | D:4      | Reached skill level 5 in Dodging
  2414 | D:4      | Reached XP level 6. HP: 30/47 MP: 4/9
  3148 | D:3      | Found a runed translucent door.
  3149 | D:3      | Noticed Crazy Yiuf
  3161 | D:3      | Killed Crazy Yiuf
  3161 | D:3      | Reached skill level 5 in Unarmed Combat
  3782 | D:4      | Reached * piety under Wu Jian
  4112 | D:4      | Reached ** piety under Wu Jian
  4123 | D:4      | Reached skill level 1 in Armour
  4123 | D:4      | Reached XP level 7. HP: 47/52 MP: 9/11
  4290 | D:5      | Entered Level 5 of the Dungeon
  4394 | D:5      | Reached skill level 4 in Fighting
  4551 | D:5      | Noticed Prince Ribbit
  4564 | D:5      | Killed Prince Ribbit
  4564 | D:5      | Reached XP level 8. HP: 42/61 MP: 11/13
  4692 | D:5      | Found Wausch's Armour Emporium.
  4939 | D:5      | Reached skill level 5 in Fighting
  5023 | D:5      | Found a hide-covered altar of Uskayaw.
  5509 | D:6      | Got a crude golden ring
  5510 | D:6      | Identified the ring "Uxoleul" {rN+ Str-4 Int+4 Dex+3 SInv}
                  | (You found it on level 6 of the Dungeon)
  5653 | D:6      | Reached skill level 6 in Fighting
  5653 | D:6      | Reached skill level 5 in Transmutations
  5916 | D:6      | Killed from afar by an orc priest

Illustrated notes

Levels and vault maps discovered:
D:1:      tarquinn_simple_flora_water_d, layout_basic
D:2:      layout_rooms, lemuel_blue_sif_altar
D:3:      layout_basic, uniq_crazy_yiuf_cottage
D:4:      minmay_goblin_kobold_castle, layout_loops_ring,
          minmay_temple_entry_gardened_gates, uniq_eustachio
D:5:      layout_loops_ring, old_standard_altar, serial_shops,
          kennysheep_little_box, first_ration, uniq_prince_ribbit1
D:6:      layout_cave_pools, serial_column_ruins, column_ruins_square_large,
          column_ruins_circle_large, column_ruins_open_tiny,
          column_ruins_open_tiny, column_ruins_open_small,
          column_ruins_columns_straight, column_ruins_columns_straight,
          column_ruins_open_tiny, column_ruins_open_tiny, uniq_maggie
Temple:   nicolae_temple_elliptical

Skill      XL: |  1  2  3  4  5  6  7  8 |
---------------+-------------------------+-----
Dodging        | 3 4 5 |  5.4
Unarmed Combat | 4 5 |  5.7
Fighting       | 2 3 4 6 |  6.0
Transmutations | 3 4 5 |  5.0
Spellcasting   | 3 |  3.7
Armour         | 1 2 |  2.7

Action                   |  1- 3 |  4- 6 |  7- 9 || total
-------------------------+-------+-------+-------++-------
Melee: Unarmed           |    59 |       |    27 ||    86
       Headbutt          |    11 |     8 |       ||    19
       Punch             |     2 |     3 |     4 ||     9
       Short sword       |    41 |   208 |   126 ||   375
Throw: Boomerang         |       |       |     2 ||     2
       Dart              |       |       |     1 ||     1
 Cast: Beastly Appendage |    12 |     8 |       ||    20
       Sticks to Snakes  |       |    12 |    15 ||    27
Invok: Lunge             |       |    14 |    16 ||    30
       Whirlwind         |       |     2 |     1 ||     3
 Stab: Distracted        |       |     1 |       ||     1
  Eat: Chunk             |     2 |     5 |     8 ||    15
       Ration            |       |     1 |       ||     1
Armor: Robe              |    17 |    14 |       ||    31
       Leather armour    |       |    18 |    24 ||    42
Dodge: Dodged            |    73 |   150 |    84 ||   307
